 Dungeon Crawl Stone Soup version 0.29.1-2-gbd0b4ee654 (webtiles) character file.

Game seed: 1841851369344149236

70 cdecastro the Chopper (level 4, -6/39 HPs)
             Began as a Hill Orc Monk on Nov 12, 2022.
             Mangled by an iguana (11 damage)
             ... on level 4 of the Dungeon.
             The game lasted 00:02:39 (2379 turns).

cdecastro the Chopper (Hill Orc Monk)               Turns: 2379, Time: 00:02:40

Health: -6/39      AC:  3    Str: 15    XL:     4   Next: 21%
Magic:  4/4        EV: 12    Int: 10    God:
Gold:   74         SH:  0    Dex: 13    Spells: 3/3 levels left

rFire   . . .      SeeInvis .   a - +0 hand axe
rCold   . . .      Faith    .   (no shield)
rNeg    . . .      Spirit   .   b - +0 robe
rPois   .          Reflect  .   (no helmet)
rElec   .          Harm     .   (no cloak)
rCorr   .          Rampage  .   (no gloves)
Will    .....                   p - +0 pair of boots
Stlth   +.........              (no amulet)
HPRegen 0.13/turn               (no ring)
MPRegen 0.09/turn               (no ring)

@: confused, ambrosia-drunk
A: no striking features
a: no special abilities


You were on level 4 of the Dungeon.
You visited 1 branch of the dungeon, and saw 3 of its levels.

You collected 74 gold pieces.

Inventory:

Hand Weapons
 a - a +0 hand axe (weapon)
Missiles
 j - 3 datura-tipped darts (quivered)
 k - a stone
 m - 3 poisoned darts
Armour
 b - a +0 robe (worn)
 p - a +0 pair of boots (worn)
Magical Staves
 f - a staff of earth
Jewellery
 e - a +6 ring of dexterity
Scrolls
 d - 2 scrolls of identify {unknown}
 g - a scroll of fog {unknown}
 h - a scroll of silence {unknown}
 l - 2 scrolls of fear {unknown}
 n - a scroll of enchant weapon {unknown}
Potions
 i - a potion of degeneration {unknown}
 o - a potion of haste {unknown}


   Skills:
 - Level 3.6 Fighting
 + Level 6.5 Axes
 - Level 2.4 Dodging
 - Level 1.5 Stealth


You had 3 spell levels left.
You didn't know any spells.
Your spell library contained the following spells:

 Spells                   Type           Power      Damage    Failure   Level
 Apportation              Tloc           0%         N/A       36%         1
 Necrotise                Necr           0%         1d4       36%         1
 Summon Small Mammal      Summ           0%         N/A       36%         1
 Poisonous Vapours        Pois/Air       0%         N/A       50%         2
 Corpse Rot               Necr/Pois/Air  0%         N/A       98%         4
 Fulminant Prism          Conj/Hex       0%         3d6       98%         4
 Iskenderun's Mystic Bla  Conj/Tloc      0%         2d3       98%         4
 Lee's Rapid Deconstruct  Erth           0%         3d5*      100%        5


Dungeon Overview and Level Annotations

Branches:
Dungeon (2/15)

Altars:


Message History

The rat closely misses you.
You slash the rat!
You kill the rat!
You slash the goblin!
You kill the goblin!
No target in view!
No target in view!
Found a knobbly runed staff.
p - a +0 pair of boots You start putting on your armour.
You continue putting on your +0 pair of boots. x4
You finish putting on your +0 pair of boots.
A sourceless malevolence fills the Dungeon...
You fall into a shaft and drop 2 floors!
The shaft crumbles and collapses.
An iguana comes into view.
The iguana hisses angrily.
Okay, then.
You hit the iguana.
The iguana is moderately wounded.
The iguana barely misses you.
You barely miss the iguana.
The iguana is moderately wounded.
The iguana bites you!
You hit the iguana.
The iguana is heavily wounded.
The iguana bites you!
You barely miss the iguana.
The iguana is heavily wounded.
You hit the iguana.
The iguana is severely wounded.
The iguana bites you!
* * * LOW HITPOINT WARNING * * *
You hit the iguana but do no damage.
The iguana is severely wounded.
The iguana bites you!
* * * LOW HITPOINT WARNING * * *
You are confused.
You feel invigorated. The iguana bites you!
You die...

####### #.@l..## .
......####..###....
...## ##......# .
##...### ##..# ..#
... ≈≈ ≈


You could see an iguana.

Vanquished Creatures
  An adder (D:2)
  A worm (D:2)
  A dart slug (D:2)
  4 endoplasms (D:1)
  A giant cockroach (D:2)
  6 goblins
  4 hobgoblins
  7 jackals (D:2)
  3 kobolds
  A quokka (D:1)
  A ball python (D:1)
  11 bats
  5 frilled lizards
  5 rats
51 creatures vanquished.

Notes
Turn   | Place    | Note
-------+----------+-------------------------------------------
     0 | D:1      | cdecastro the Hill Orc Monk began the quest for the Orb.
     0 | D:1      | Reached XP level 1. HP: 19/19 MP: 1/1
   174 | D:1      | Reached XP level 2. HP: 18/26 MP: 2/2
   412 | D:1      | Reached skill level 5 in Axes
   747 | D:1      | Reached XP level 3. HP: 31/31 MP: 3/3
  1565 | D:2      | Reached skill level 6 in Axes
  2309 | D:2      | Reached XP level 4. HP: 39/39 MP: 4/4
  2364 | D:2      | You fall into a shaft and drop 2 floors!
  2378 | D:4      | HP: 1/39 [iguana (11)]
  2379 | D:4      | Mangled by an iguana

Illustrated notes

Levels and vault maps discovered:
D:1:      dpeg_arrival_another_circle, layout_basic,
          amcnicky_mini_corridor_feature, minmay_indecisive_spiral
D:2:      layout_loops_ring, serial_park_tiny_1, kennysheep_pointless_box
D:4:      layout_layer_cave, general_overflow_altar, temple_green

Skill      XL: |  1  2  3 |
---------------+----------+-----
Axes           | 5 6 |  6.5
Fighting       | |  3.6
Dodging        | |  2.4
Stealth        | |  1.5

Action                   |  1- 3 |  4- 6 || total
-------------------------+-------+-------++-------
Melee: Hand axe          |   159 |    17 ||   176
       Punch             |     2 |       ||     2
  Use: Potion            |       |     1 ||     1
 Stab: Sleeping          |     6 |       ||     6
Armor: Robe              |    28 |       ||    28
Dodge: Dodged            |   105 |     7 ||   112
